 Dungeon Crawl Stone Soup version 0.27.1-34-g3ba077fa99 (webtiles) character file.

Game seed: 17203829013474468022

203 cbfl8 the Sneak (level 5, -2/46 HPs)
             Began as a Minotaur Delver on Jan 15, 2022.
             Slain by Pikel (8 damage)
             ... on level 4 of the Dungeon.
             The game lasted 00:12:29 (4389 turns).

cbfl8 the Sneak (Minotaur Delver)                   Turns: 4389, Time: 00:12:30

Health: -2/46      AC:  6    Str: 16    XL:     5   Next: 51%
Magic:  4/4        EV: 12    Int: 14    God:
Gold:   190        SH:  0    Dex: 12    Spells: 4/4 levels left

rFire    . . .     SeeInvis .   j - +4 long sword
rCold    . . .     Faith    .   (no shield)
rNeg     . . .     Spirit   .   b - +0 leather armour
rPois    .         Reflect  .   (helmet restricted)
rElec    .         Harm     .   A - +0 cloak
rCorr    .         Rampage  .   r - +0 pair of gloves
Will     .....                  u - +0 pair of boots
Stlth    ++........             l - amulet of magic regeneration
HPRegen  0.15/turn              q - +6 ring of intelligence
MPRegen  0.34/turn              (no ring)

@: no status effects
A: horns 2, retaliatory headbutt
a: no special abilities


You were on level 4 of the Dungeon.
You visited 1 branch of the dungeon, and saw 5 of its levels.

You collected 190 gold pieces.

Inventory:

Hand Weapons
 a - a +0 hand axe
 j - a +4 long sword (weapon)
 v - a +1 whip of venom
Missiles
 s - 10 poisoned darts (quivered)
Armour
 b - a +0 leather armour (worn)
 r - a +0 pair of gloves (worn)
 u - a +0 pair of boots (worn)
 A - a +0 cloak (worn)
Magical Staves
 B - a staff of earth
Jewellery
 l - an amulet of magic regeneration (around neck)
 q - a +6 ring of intelligence (left hand)
Wands
 g - a wand of digging (3)
Scrolls
 c - a scroll of fog
 d - 2 scrolls of magic mapping
 e - a scroll of fear
 h - a scroll of immolation {unknown}
 k - 2 scrolls of identify {unknown}
 m - 2 scrolls of amnesia {unknown}
 o - a scroll of torment {unknown}
 p - a scroll of vulnerability {unknown}
 t - 2 scrolls of teleportation {unknown}
 w - a scroll of summoning {unknown}
 y - a scroll of blinking {unknown}
Potions
 f - 3 potions of haste
 i - a potion of attraction {unknown}
 n - a potion of ambrosia {unknown}
 x - a potion of heal wounds {unknown}
 z - a potion of mutation {unknown}


   Skills:
 + Level 4.3 Fighting
 + Level 3.3 Long Blades
 + Level 2.9 Axes
 + Level 2.2 Armour
 + Level 2.7 Dodging
 + Level 4.9 Stealth


You had 4 spell levels left.
You didn't know any spells.
Your spell library contained the following spells:

 Spells                   Type           Power      Damage    Failure   Level
 Magic Dart               Conj           0%         1d3       34%         1
 Pain                     Necr           0%         1d4       34%         1
 Searing Ray              Conj           0%         3d3       47%         2
 Fulminant Prism          Conj/Hex       0%         3d6       98%         4
 Agony                    Necr           0%         N/A       100%        5
 Excruciating Wounds      Necr           0%         N/A       100%        5


Dungeon Overview and Level Annotations

Branches:
Dungeon (5/15)
 Temple: D:4-7

Altars:
The Shining One

Annotations:
D:4 2 transporters, Pikel; comborobin's ghost, weakling HODe


Innate Abilities, Weirdness & Mutations

You have a pair of horns on your head.
You reflexively headbutt those who attack you in melee.


Message History

A lemure comes into view.
Pikel shouts!
The lemure shouts!
You hit the lemure.
The lemure is lightly wounded.
The lemure closely misses you. The lemure hits you but does no damage.
You slash the lemure! You headbutt the lemure.
The lemure is moderately wounded.
A lemure comes into view.
The lemure shouts!
You hit Pikel but do no damage. You slash Pikel! Your headbutt misses Pikel.
Pikel is lightly wounded.
Pikel hits you with a +2 whip of flaming!
Pikel burns you.
You hit Pikel but do no damage.
Pikel is lightly wounded.
Pikel hits you with a +2 whip of flaming.
Pikel burns you.
Pikel hits you with a +2 whip of flaming!
Pikel burns you.
You completely miss Pikel.
Pikel is lightly wounded.
Pikel hits you with a +2 whip of flaming.
* * * LOW HITPOINT WARNING * * *
Pikel burns you.
* * * LOW HITPOINT WARNING * * *
You miss Pikel. You headbutt Pikel.
Pikel is moderately wounded.
Pikel hits you with a +2 whip of flaming.
* * * LOW HITPOINT WARNING * * *
Pikel burns you.
* * * LOW HITPOINT WARNING * * *
You barely miss Pikel. You headbutt Pikel.
Pikel is moderately wounded.
Pikel closely misses you.
You riposte.
You barely miss Pikel.
Pikel is moderately wounded.
You completely miss Pikel. You headbutt Pikel.
Pikel is heavily wounded.
Pikel hits you with a +2 whip of flaming!
You die...

###################
#..........@K5555..
#.#######################
#.##...........#........# #.#
#....#########.#.#####.## #.#
###### #.#.#...#.#
#.#################.#.#.#.#.#
#.#.................#.#.#.#.#
#.#.#####.###########.#.#.#.#
... #...........#.#.#.#.#


You could see Pikel and 4 lemures.

Vanquished Creatures
  A phantom (D:4)
  An orc wizard (D:3)
  3 adders
  An adder skeleton (D:4)
  A worm (D:2)
  2 orcs (D:3)
  5 endoplasms
  5 giant cockroaches (D:2)
  7 goblins
  8 hobgoblins
  5 jackals (D:3)
  4 ball pythons
  9 bats
  A frilled lizard (D:3)
  4 kobolds
  7 rats
64 creatures vanquished.

Notes
Turn   | Place    | Note
-------+----------+-------------------------------------------
     0 | D:5      | cbfl8 the Minotaur Delver began the quest for the Orb.
     0 | D:5      | Reached XP level 1. HP: 19/19 MP: 0/0
    25 | D:5      | Noticed a hound
    33 | D:4      | Noticed comborobin's ghost (weakling HODe)
    33 | D:4      | Noticed a quasit
    34 | D:4      | Found a transporter.
    67 | D:4      | Found a transporter.
    70 | D:4      | Noticed a quasit
    72 | D:4      | Noticed a quasit
   276 | D:2      | Reached XP level 2. HP: 20/27 MP: 1/1
   779 | D:1      | Found a faded altar of an unknown god.
  1647 | D:2      | Reached XP level 3. HP: 11/33 MP: 2/2
  2007 | D:2      | Reached skill level 1 in Armour
  2832 | D:3      | Reached skill level 1 in Long Blades
  2837 | D:3      | Reached XP level 4. HP: 37/40 MP: 3/3
  3131 | D:3      | Found a glowing golden altar of the Shining One.
  3975 | D:4      | Noticed a phantom
  3980 | D:4      | Killed a phantom
  3981 | D:4      | Reached XP level 5. HP: 38/46 MP: 4/4
  4377 | D:4      | Noticed a lemure
  4378 | D:4      | Noticed a lemure
  4379 | D:4      | Noticed Pikel
  4380 | D:4      | Noticed a lemure
  4382 | D:4      | Noticed a lemure
  4389 | D:4      | Slain by Pikel

Illustrated notes

Levels and vault maps discovered:
D:1:      kilobyte_arrival_exit_the_forest, layout_loops_ring,
          hellmonk_ecumenical_altar_zigzags
D:2:      layout_loops_corners, minmay_circle_x
D:3:      layout_loops_ring, mainiacjoe_overflow_cross_hatched,
          hangedman_decor_diamond_cutter
D:4:      layout_basic, grunt_temple_overflow_magic_moments,
          gammafunk_ghost_stat_death, uniq_pikel, uniq_eustachio
D:5:      layout_rooms, amcnicky_altar_gilded, hangedman_abyss_or_decor_stabs

Skill      XL: |  1  2  3  4 |
---------------+-------------+-----
Armour         | 1 2 |  2.2
Fighting       | 4 |  4.3
Long Blades    | 1 3 |  3.3
Axes           | |  2.9
Dodging        | |  2.7
Stealth        | |  4.9

Action                   |  1- 3 |  4- 6 || total
-------------------------+-------+-------++-------
Melee: Hand axe          |     8 |       ||     8
       Long sword        |    50 |    44 ||    94
       Headbutt          |     7 |    12 ||    19
 Stab: Sleeping          |     7 |     3 ||    10
Armor: Leather armour    |    23 |    14 ||    37
Dodge: Dodged            |    59 |    23 ||    82
       Rpst.: Long sword |    10 |     9 ||    19
